Map: Ulrena

Players

Veracity - Winner!

  • Race: Zerg Zerg
  • League: Diamond

LilDicky

  • Race: Terran Terran
  • League: Diamond

VOD

http://www.twitch.tv/tumescentpie

Description

Time

  • Played on: Dec. 8, 2015, 8:37 p.m.
  • Length: 8:12
Show
View Real Time Build Order
Export as new Build Order

Veracity Zerg - Winner!

Build Orders: Pool First 

Get SALT Encoding   

  12  0:01  Drone  
  13  0:13  Drone  
  14  0:15  Extractor  
  14  0:17  Drone  
  14  0:25  Overlord  
  14  0:34  Drone, Extractor  
  15  0:44  Drone  
  15  0:49  Drone  
  17  0:56  Spawning Pool  
  16  1:01  Drone  
  17  1:07  Drone  
  18  1:18  Drone  
  19  1:29  Drone  
  20  1:44  Hatchery  
  19  1:49  Roach Warren  
  18  1:57  Queen  
  20  2:07  Overlord  
  20  2:14  Drone  
  21  2:29  Roach x2  
  27  2:30  Roach  
  27  2:42  Overlord  
  27  2:49  Ravager  
  27  2:50  Ravager x2  
  30  2:57  Drone x2  
  32  3:01  Queen  
  32  3:02  Drone  
  35  3:10  Drone x3  
  38  3:13  Drone  
  39  3:20  Drone  
  39  3:21  Drone  
  35  3:57  Overlord x2  
  35  4:03  Drone x5  
  35  4:04  Drone  
  35  4:09  Metabolic Boost  
  38  4:12  Roach  
  38  4:13  Roach  
  42  4:19  Spine Crawler  
  42  4:20  Roach x2  
  45  4:27  Lair  
  45  4:29  Extractor  
  44  4:35  Roach  
  42  4:50  Roach x2  
  42  4:52  Zergling x14  
  49  5:01  Drone  
  48  5:19  Extractor  
  48  5:20  Extractor  
  46  5:28  Hatchery  
  46  5:34  Evolution Chamber  
  46  5:35  Evolution Chamber  
  43  5:36  Spire  
  43  5:37  Drone x9  
  51  5:55  Drone  
  51  5:56  Overlord x3  
  52  6:10  Zerg Melee Weapons Level 1  
  52  6:11  Zerg Ground Armor Level 1  
  52  6:16  Drone  
  52  6:17  Drone x5  
  58  6:27  Zergling x2  
  58  6:28  Zergling x10  
  64  6:43  Queen  
  66  7:04  Extractor  
  66  7:06  Extractor  
  63  7:09  Mutalisk x5  
  63  7:12  Overlord  
  63  7:13  Overlord  
  71  7:28  Drone x3  
  74  7:32  Drone x3  
  74  7:35  Mutalisk  
  74  7:36  Mutalisk x2  
  83  7:53  Drone x5  
  83  7:55  Baneling Nest  
Show
View Real Time Build Order
Export as new Build Order

LilDicky Terran 

Build Orders:  

Get SALT Encoding   

  12  0:01  SCV  
  13  0:15  SCV  
  13  0:18  Supply Depot  
  14  0:27  SCV  
  15  0:30  Refinery  
  15  0:40  SCV  
  16  0:45  Barracks  
  16  0:52  SCV  
  17  1:05  SCV  
  18  1:17  SCV  
  19  1:33  Refinery  
  19  1:35  Marine  
  19  1:36  Supply Depot  
  19  1:38  Orbital Command  
  20  1:54  Factory  
  20  2:02  Barracks Reactor  
  20  2:04  SCV  
  21  2:17  SCV  
  22  2:29  SCV  
  23  2:39  Marine x2  
  23  2:41  SCV  
  23  2:42  Starport  
  26  2:44  Factory Tech Lab  
  26  2:56  Marine  
  26  2:57  Marine  
  28  3:00  Supply Depot  
  28  3:03  Siege Tank  
  31  3:12  Command Center  
  31  3:22  Medivac, Marine x2  
  31  3:26  Supply Depot  
  31  4:10  SCV  
  31  4:12  Siege Tank  
  35  4:21  Liberator  
  35  4:22  SCV  
  35  4:23  Marine x2  
  38  4:25  Orbital Command  
  38  4:30  Armory  
  40  5:05  Orbital Command  
  38  5:27  Marine x2  
  40  5:32  Thor  
  40  5:33  SCV  
  47  5:44  Marine  
  47  5:45  Marine  
  47  5:49  SCV x2  
  51  5:58  Medivac  
  51  6:01  SCV  
  51  6:02  SCV, Marine x2  
  57  6:10  Refinery  
  57  6:13  SCV  
  57  6:15  SCV  
  59  6:20  Marine  
  59  6:23  Refinery  
  59  6:25  SCV  
  61  6:27  SCV  
  62  7:01  Supply Depot, Marine  
  62  7:02  Supply Depot, Marine  
  62  7:04  Supply Depot  
  56  7:12  SCV  
  56  7:13  Siege Tank  
  60  7:19  Marine  
  60  7:20  Barracks x4, Marine  
  60  7:21  Barracks  
  56  7:27  SCV  
  58  7:36  Marine  
  57  7:38  Command Center, Marine  
Tags
 
Add a new tag
Caveats
  • Supply blocks, unpowered buildings, or Contaminate may cause inaccurate times.
  • Supply counts are checked every 10 seconds.